 Dungeon Crawl Stone Soup version 0.30.0 (webtiles) character file.

Game seed: 8609769932259197458

28632 GloriousHammer the Fighter (level 13, 0/124 (139) HPs)
             Began as an Ogre Ice Elementalist on May 5, 2023.
             Was a High Priest of Sif Muna.
             Slain by a hell rat (10 damage)
             ... on level 2 of the Lair of Beasts on May 6, 2023.
             The game lasted 00:50:38 (19743 turns).

GloriousHammer the Fighter (Ogre Ice Elementalist) Turns: 19743, Time: 00:50:38

HP:   0/124 (139)   AC:  4    Str: 19    XL:     13   Next: 40%
MP:   18/22         EV: 11    Int: 27    God:    Sif Muna [*****.]
Gold: 932           SH: 10    Dex: 11    Spells: 13/24 levels left

rFire   + . .        a - +1 flail (protect)
rCold   + . .        K - +0 kite shield
rNeg    . . .        y - +1 robe {Archmagi}
rPois   +            (helmet restricted)
rElec   .            n - scarf of Sewienas {rC+ rF+, Int+3}
rCorr   .            (gloves unavailable)
SInv    .            (boots unavailable)
Will    +++..        F - amulet "Eguolopt" {Faith Fragile Will++ Str+4}
Stlth   ++           A - +6 ring of intelligence
HPRegen 0.40/turn    P - ring of poison resistance
MPRegen 0.18/turn

%: faith, archmagi
@: heavily drained
A: large, unfitting armour, tough skin 1
a: Renounce Religion, Channel Magic, Forget Spell, Divine Exegesis


You were on level 2 of the Lair of Beasts.
You worshipped Sif Muna.
Sif Muna was extremely pleased with you.
You visited 3 branches of the dungeon, and saw 16 of its levels.
You also visited: Sewer and Bailey.

You collected 1022 gold pieces.
You spent 90 gold pieces at shops.

Inventory:

Hand Weapons
 a - a +1 flail of protection (weapon)
 h - a +1 shortbow of freezing
 L - a +3 giant spiked club of draining
 O - a +1 demon whip of venom
Missiles
 u - 23 poisoned darts
 x - 2 curare-tipped darts
 G - 9 large rocks (quivered)
 H - 2 throwing nets
 U - 5 javelins
Armour
 n - the scarf of Sewienas (worn) {rC+ rF+, Int+3}
   (You found it on level 4 of the Dungeon)

   Int:       It affects your intelligence (+3).
 y - a +1 robe of the Archmagi (worn)
 K - a +0 kite shield (worn)
Jewellery
 A - a +6 ring of intelligence (left hand)
 C - a ring of ice
 E - a +5 ring of evasion
 F - the amulet "Eguolopt" (around neck) {Faith Fragile Will++ Str+4}
   (You found it on level 9 of the Dungeon)

   [amulet of faith]

   It allows you to gain divine favour quickly.
   Str:       It affects your strength (+4).
   Fragile:   It will be destroyed if unequipped.
   Will:      It greatly increases your willpower.
 P - a ring of poison resistance (right hand)
 R - a ring of resist corrosion
 S - a +6 ring of strength
 Z - a ring of wizardry
Wands
 j - a wand of acid (2)
 T - a wand of polymorph (5)
Scrolls
 c - 4 scrolls of teleportation
 e - a scroll of brand weapon
 l - 5 scrolls of blinking
 m - 6 scrolls of poison
 p - 5 scrolls of fear
 r - a scroll of vulnerability
 s - 2 scrolls of immolation
 I - 2 scrolls of enchant armour
 N - a scroll of butterflies {unknown}
 Q - 2 scrolls of silence {unknown}
 W - 5 scrolls of fog
 X - a scroll of magic mapping
Potions
 b - 3 potions of magic
 d - 3 potions of haste
 f - a potion of invisibility {unknown}
 g - 7 potions of curing
 k - 4 potions of flight
 o - 2 potions of might
 q - 6 potions of heal wounds
 t - 16 potions of degeneration
 v - a potion of resistance {unknown}
 w - 2 potions of mutation {unknown}
 B - a potion of attraction {unknown}
 D - a potion of lignification {unknown}
 J - a potion of cancellation {unknown}
 V - a potion of ambrosia {unknown}
 Y - a potion of berserk rage {unknown}


   Skills:
 + Level 11.6 Fighting
 + Level 7.8 Maces & Flails
 + Level 2.0 Throwing
 - Level 3.0 Armour
 + Level 8.1 Dodging
 - Level 1.4 Stealth
 - Level 9.2 Shields
 - Level 6.0 Spellcasting
 - Level 2.0 Summonings
 - Level 8.0 Ice Magic
 - Level 7.0 Evocations


You had 13 spell levels left.
You knew the following spells:

 Your Spells              Type           Power      Damage    Failure   Level
a - Freeze                Ice            100%       1d10      1%          1
b - Frozen Ramparts       Ice            100%       1d16      1%          3
c - Ozocubu's Armour      Ice            67%        N/A       1%          3
d - Summon Ice Beast      Ice/Summ       51%        N/A       16%         4

Your spell library contained the following spells:

 Spells                   Type           Power      Damage    Failure   Level
 Apportation              Tloc           24%        N/A       13%         1
 Volatile Blastmotes      Fire/Tloc      24%        2d12      36%         3
 Alistair's Intoxication  Tmut/Pois      8%         N/A       98%         5
 Dispersal                Tloc           6%         N/A       100%        6
 Ignition                 Fire           6%         3d4       100%        8


Dungeon Overview and Level Annotations

Branches:
Dungeon (12/15)            Temple (1/1) D:6            Lair (3/5) D:10
 Spider (0/4) Lair:2          Orc (0/2) D:9           Sewer (visited)
 Bailey (visited)
  Swamp: Lair:2-3    Shoals: Lair:2-3

Altars:
Ashenzari
Cheibriados
Dithmenos
Elyvilon
Fedhas
Gozag
Hepliaklqana
Kikubaaqudgha
Makhleb
Nemelex Xobeh
Okawaru
Qazlal
Ru
Sif Muna
Trog
Uskayaw
Vehumet
Wu Jian
Xom
Yredelemnul
Zin
The Shining One

Annotations:
D:11 3 runed translucent doors


Innate Abilities, Weirdness & Mutations

You are too large for most types of armour.
You have tough skin. (AC +1)


Message History

The wall freezes the komodo dragon.
The komodo dragon seems to slow down.
The komodo dragon closely misses you.
You thump the komodo dragon!
The komodo dragon is almost dead.
The wall freezes the komodo dragon!
You kill the komodo dragon!
Sif Muna accepts your kill.
The frozen ramparts melt away as you move.
You see here a komodo dragon corpse.
You start resting.
Magic restored.
You start resting.
HP restored.
You start waiting.
Done waiting.
You start waiting.
A bullfrog comes into view.
The bullfrog croaks.
You see here a komodo dragon skeleton.
The bullfrog hits you.
You barely miss the bullfrog. The bullfrog hits you.
The bullfrog hits you but does no damage.
You sock the bullfrog!
Your weapon exudes an aura of protection.
The bullfrog is severely wounded.
You block the bullfrog's attack. The bullfrog closely misses you.
You hit the bullfrog.
The bullfrog is almost dead.
The bullfrog hits you but does no damage.
You barely miss the bullfrog.
The bullfrog is almost dead.
You block the bullfrog's attack.
The bullfrog hits you but does no damage.
You closely miss the bullfrog.
The bullfrog is almost dead.
The bullfrog barely misses you.
The bullfrog hits you but does no damage.
You sock the bullfrog!
You kill the bullfrog!
Sif Muna accepts your kill.
Your Throwing skill increases to level 2!
HP restored.
Things that are here:
a bullfrog corpse; a komodo dragon skeleton
Q - 2 scrolls labelled DOBIAC WY NANE (gained 1)
Found a battleaxe.
You now have 932 gold pieces (gained 16).
You pick up a book of Party Tricks and begin reading...
You add the spells Apportation and Alistair's Intoxication to your library.
W - 5 scrolls of fog (gained 1)
Found a stone staircase leading up.
I - 2 scrolls of identify (gained 1);
i - 2 scrolls of identify
I - 2 scrolls labelled XARHAN OHIABU
Found a stone staircase leading down.
A water moccasin comes into view.
A water moccasin is nearby!
A water moccasin is nearby!
The water moccasin hisses angrily.
The water moccasin closely misses you.
You hit the water moccasin.
Your weapon exudes an aura of protection.
The water moccasin is lightly wounded.
You block the water moccasin's attack. x2
You barely miss the water moccasin.
The water moccasin is lightly wounded.
You block the water moccasin's attack.
You miss the water moccasin. The water moccasin bites you.
You block the water moccasin's attack.
You sock the water moccasin!
Your weapon exudes an aura of protection.
The water moccasin is moderately wounded.
You block the water moccasin's attack.
You bludgeon the water moccasin!!
You kill the water moccasin!
Sif Muna accepts your kill.
You see here a water moccasin corpse.
Done exploring.
Done exploring.
Done exploring.
As you read the scroll of identify, it crumbles to dust.
M - 3 scrolls of enchant weapon
As you read the scroll of identify, it crumbles to dust.
I - 2 scrolls of enchant armour
As you read the scroll of enchant weapon, it crumbles to dust.
Your +0 giant spiked club of draining glows red for a moment.
As you read the scroll of enchant weapon, it crumbles to dust.
Your +1 giant spiked club of draining glows red for a moment.
As you read the scroll of enchant weapon, it crumbles to dust.
Your +2 giant spiked club of draining glows red for a moment.
You drop a +0 morningstar.
Done exploring.
Search for what [? for help]? .
(D) Dungeon (T) Temple (L) Lair (N) Spider Nest (O) Orcish Mines
Where to? (? - help)
There is a stone staircase leading down here.
You climb downwards.
Found a mace.
Found a basalt altar of Yredelemnul.
There is a stone staircase leading up here.
There are monsters nearby!
The helpless hell rat fails to defend itself.
You sock the hell rat!
Your weapon exudes an aura of protection.
The hell rat is severely wounded.
The hell rat roars deafeningly! x2; You hear an angry hiss.
The hell rat misses you. You block the hell rat's attack.
A basilisk comes into view.
You hear an angry hiss.
You block the hell rat's attack.
The hell rat bites you but does no damage.
The hell rat closely misses you. The hell rat barely misses you.
You climb upwards.
There is a stone staircase leading down here.
The hell rat attacks as you move away! The hell rat closely misses you.
The hell rat bites you. The hell rat attacks as you move away!
The hell rat misses you. The hell rat attacks as you move away!
The hell rat bites you!
You feel drained. The hell rat attacks as you move away!
The hell rat barely misses you. The hell rat closely misses you.
You block the hell rat's attack. The hell rat bites you!
The hell rat bites you!
You feel drained. You block the hell rat's attack.
Casting: Frozen Ramparts (safe; 1% risk of failure)
Confirm with . or Enter, or press ? or * to list all spells.
Casting: Frozen Ramparts (safe; 1% risk of failure)
Press: ? - help, Dir - look around, f - activate You feel a surge of power!
The walls around you are covered in ice.
The wall freezes the hell rat!
You block the hell rat's attack.
The wall freezes the hell rat.
Casting: Frozen Ramparts (safe; 1% risk of failure)
Confirm with . or Enter, or press ? or * to list all spells.
You feel a surge of power! A film of ice covers your body!
The wall freezes the hell rat but does no damage.
You block the hell rat's attack.
The wall freezes the hell rat!
The hell rat bites you!
The wall freezes the hell rat!
You kill the hell rat!
Sif Muna accepts your kill.
Sif Muna will now gift you books as you gain piety.
The wall freezes the hell rat!
You kill the hell rat!
Sif Muna accepts your kill.
The wall freezes the hell rat.
Your icy armour and frozen ramparts will break if you move.
Continue?
Okay, then.
You thump the hell rat!
Your weapon exudes an aura of protection.
You kill the hell rat!
Sif Muna accepts your kill.
Unknown command.
Unknown command.
Your icy armour and frozen ramparts will break if you move.
Continue? [Y]es or [N]o only, please.
Your icy armour and frozen ramparts will break if you move.
Continue?
Your icy armour cracks and falls away as you move.
The frozen ramparts melt away as you move.
You block the hell rat's attack. x2
You thump the hell rat!
Your weapon exudes an aura of protection.
You kill the hell rat!
Sif Muna accepts your kill.
There is a stone staircase leading down here.
You start resting.
Magic restored.
You start resting.
HP restored.
Okay, then.
You can't go up here!
You climb downwards.
You block the black mamba's attack. The water moccasin barely misses you.
The black mamba bites you! The hell rat bites you.
The water moccasin barely misses you. The black mamba bites you!
The hell rat bites you!
You feel drained. The hell rat closely misses you.
You block the water moccasin's attack.
There is a stone staircase leading up, spattered with blood here.
The black mamba bites you. The hell rat closely misses you.
The hell rat bites you!
You feel drained. The water moccasin bites you!
You block the black mamba's attack.
You climb upwards.
There is a stone staircase leading down here.
The water moccasin attacks as you move away!
You block the water moccasin's attack.
The hell rat bites you but does no damage.
The black mamba bites you!
The black mamba attacks as you move away!
The black mamba bites you.
The water moccasin attacks as you move away!
You block the water moccasin's attack. The water moccasin closely misses you.
Unknown command.
Casting: Ozocubu's Armour (safe; 1% risk of failure)
Confirm with . or Enter, or press ? or * to list all spells.
You feel a surge of power! A chill wind blows around you.
The black mamba bites you.
* * * LOW HITPOINT WARNING * * *
The hell rat bites you!
* * * LOW HITPOINT WARNING * * *
The black mamba bites you!
* * * LOW HITPOINT WARNING * * *
The water moccasin bites you.
* * * LOW HITPOINT WARNING * * *
You block the hell rat's attack. The hell rat bites you!
You die...

....................##
##.
.....................#
#.#
########............##
##† #..............#
## ##............## #.
#............# ##
#......>Y....# #P
#.......SS...# #P
#.......r@...# ##
#.......r....## #
#.............# ##
#............## #.
##............## ##
#P............P# ##
#.............## #.
#P............# ##
##............## #


You could see a black mamba, a water moccasin (ally target), 2 hell rats and a
friendly ice beast (summoned).

Vanquished Creatures
  An orc warlord (Bailey)
  Harold (D:9)
  A centaur warrior (D:9)
  A boulder beetle (D:9)
  2 two-headed ogres (D:10)
  Urug (Lair:1)
  Amaemon (Lair:1)
  An orc knight (Bailey)
  An ugly thing (D:9)
  2 cyclopes (D:9)
  3 black mambas (Lair:1)
  An orange demon (Lair:1)
  6 komodo dragons (Lair:2)
  A freezing wraith (D:9)
  A troll (D:11)
  2 hornets
  2 wyverns
  12 yaks
  2 wraiths
  A basilisk (Lair:1)
  A steam dragon (D:9)
  An acid dragon (D:8)
  5 water moccasins
  A swamp drake (D:9)
  15 orc warriors
  2 sky beasts (D:6)
  An ogre (D:5)
  6 centaurs
  A phantom (D:5)
  4 kobold brigands
  2 gnoll sergeants
  7 bullfrogs
  2 scorpions
  8 wights
  An oklob sapling (D:6)
  6 killer bees
  4 howler monkeys
  3 jellies
  3 hounds
  Crazy Yiuf (D:3)
  11 orc priests
  2 gnoll boudas
  4 iguanas
  4 sleepcaps
  17 orc wizards
  4 hell rats (Lair:2)
  18 gnolls
  9 adders
  A river rat (D:6)
  2 shadow imps (D:5)
  2 white imps
  An ufetubus (D:4)
  2 dart slugs
  55 orcs
  5 endoplasms
  2 giant cockroaches (Sewer)
  12 goblins
  11 hobgoblins
  4 jackals (D:3)
  14 kobolds
  3 quokkas
  11 ball pythons
  3 bats
  4 frilled lizards
  5 rats
323 creatures vanquished.

Vanquished Creatures (collateral kills)
  5 orc warriors
  A centaur (D:11)
  An orc (Bailey)
  2 goblins (Bailey)
  A hobgoblin (Bailey)
10 creatures vanquished.

Vanquished Creatures (others)
  A centaur (D:11)
  2 fungi (Lair:1)
  23 plants
26 creatures vanquished.

Grand Total: 359 creatures vanquished

Notes
Turn   | Place    | Note
-------+----------+-------------------------------------------
     0 | D:1      | GloriousHammer the Ogre Ice Elementalist began the quest
                  | for the Orb.
     0 | D:1      | Reached XP level 1. HP: 16/16 MP: 3/3
   278 | D:1      | Reached XP level 2. HP: 26/26 MP: 5/5
   450 | D:1      | Reached skill level 1 in Fighting
  1715 | D:2      | Reached XP level 3. HP: 24/32 MP: 1/7
  2036 | D:3      | Learned a level 3 spell: Frozen Ramparts
  2040 | D:3      | Learned a level 3 spell: Ozocubu's Armour
  2335 | D:3      | Found a faded altar of an unknown god.
  2348 | D:3      | Reached skill level 2 in Fighting
  2465 | D:3      | Reached XP level 4. HP: 34/42 MP: 1/8
  2731 | D:3      | Reached XP level 5. HP: 50/50 MP: 6/10
  2777 | D:3      | Found an opulent altar of Gozag.
  2861 | D:3      | Found a runed translucent door.
  2862 | D:3      | Noticed Crazy Yiuf
  3493 | D:3      | Killed Crazy Yiuf
  3494 | D:3      | Reached skill level 3 in Fighting
  3673 | D:4      | Reached skill level 5 in Ice Magic
  3794 | D:4      | Reached XP level 6. HP: 54/61 MP: 4/11
  3949 | D:4      | Identified the scarf of Sewienas {rC+ rF+, Int+3}
  4734 | D:5      | Entered Level 5 of the Dungeon
  4739 | D:5      | Found Zin's Purification Station.
  4742 | D:5      | Found a glowing silver altar of Zin.
  4837 | D:5      | Bought a potion of curing for 90 gold pieces
  4848 | D:5      | Found a radiant altar of Vehumet.
  4980 | D:5      | Reached skill level 1 in Maces & Flails
  5032 | D:5      | Reached skill level 1 in Armour
  5032 | D:5      | Reached skill level 1 in Evocations
  5041 | D:5      | Reached XP level 7. HP: 35/68 MP: 1/13
  5043 | D:5      | Reached skill level 4 in Fighting
  6402 | D:6      | Reached XP level 8. HP: 46/79 MP: 8/15
  6480 | D:6      | Found a glowing drain.
  6492 | D:6      | Reached skill level 5 in Spellcasting
  6500 | Sewer    | Entered a sewer
  6897 | Sewer    | Learned a level 4 spell: Summon Ice Beast
  6912 | Sewer    | Reached skill level 5 in Fighting
  7030 | Sewer    | Reached skill level 1 in Summonings
  7907 | D:6      | Found a basalt altar of Yredelemnul.
  8142 | D:6      | Found a staircase to the Ecumenical Temple.
  8184 | D:6      | Reached XP level 9. HP: 89/89 MP: 13/17
  8668 | D:6      | Reached skill level 6 in Fighting
  9070 | Temple   | Entered the Ecumenical Temple
  9117 | Temple   | Became a worshipper of Sif Muna the Loreminder
  9764 | D:7      | Reached * piety under Sif Muna
  9842 | D:7      | Found a broken altar of Ashenzari.
 10004 | D:7      | Identified the +8 mace of Emempyass {heavy, *Noise rElec
                  | Int+7}
 10156 | D:8      | Noticed a +0 hand axe
 10156 | D:8      | Noticed a +0 dagger
 10157 | D:8      | Found a hide-covered altar of Uskayaw.
 10393 | D:8      | Reached skill level 7 in Fighting
 11152 | D:8      | Noticed a hornet
 11160 | D:8      | Killed a hornet
 11161 | D:8      | Reached XP level 10. HP: 79/102 MP: 13/19
 11446 | D:9      | Identified the amulet "Eguolopt" {Faith Fragile Will++
                  | Str+4}
 11537 | D:9      | Noticed a boulder beetle
 11552 | D:9      | Killed a boulder beetle
 11553 | D:9      | Reached skill level 5 in Dodging
 11632 | D:9      | Paralysed by a hornet for 2 turns
 11635 | D:9      | Reached skill level 8 in Fighting
 12004 | D:9      | Noticed a cyclops
 12012 | D:9      | Killed a cyclops
 12013 | D:9      | Reached skill level 5 in Maces & Flails
 12278 | D:9      | Noticed a centaur warrior
 12278 | D:9      | Noticed a cyclops
 12278 | D:9      | Noticed a cyan ugly thing
 12287 | D:9      | Killed a cyan ugly thing
 12288 | D:9      | Killed a centaur warrior
 12289 | D:9      | Reached skill level 5 in Evocations
 12293 | D:9      | Reached skill level 9 in Fighting
 12298 | D:9      | Killed a cyclops
 12299 | D:9      | Reached XP level 11. HP: 12/115 MP: 13/20
 12775 | D:9      | Found a staircase to the Orcish Mines.
 12884 | D:9      | Reached ** piety under Sif Muna
 12884 | D:9      | Noticed Harold
 12919 | D:9      | Killed Harold
 13251 | D:9      | Found a glowing golden altar of the Shining One.
 13605 | D:10     | Entered Level 10 of the Dungeon
 13605 | D:10     | Noticed a two-headed ogre
 13617 | D:10     | Killed a two-headed ogre
 13694 | D:10     | Found a staircase to the Lair.
 13928 | D:10     | Found a stormy altar of Qazlal.
 13982 | D:10     | Found a shadowy altar of Dithmenos.
 14020 | D:10     | Found a flagged portal.
 14030 | Bailey   | Entered a bailey
 14375 | Bailey   | Noticed an orc knight
 14387 | Bailey   | Reached *** piety under Sif Muna
 14395 | Bailey   | Killed an orc knight
 14396 | Bailey   | Reached skill level 10 in Fighting
 14756 | Bailey   | Reached skill level 1 in Shields
 14807 | Bailey   | Noticed an orc warlord
 15143 | Bailey   | Killed an orc warlord
 15300 | Bailey   | Got Limeshay's Teachings on Flaming Direction
 15365 | Bailey   | Reached XP level 12. HP: 127/127 MP: 21/21
 15699 | D:10     | Reached **** piety under Sif Muna
 15932 | D:10     | Found a sparkling altar of Nemelex Xobeh.
 16202 | D:10     | Noticed a two-headed ogre
 16216 | D:10     | Killed a two-headed ogre
 16352 | Lair:1   | Entered Level 1 of the Lair of Beasts
 16566 | D:9      | You fall into a shaft and drop 3 floors!
 16599 | D:11     | Found a runed translucent gate.
 16602 | D:11     | Found a runed translucent gate.
 16602 | D:11     | Found a runed translucent gate.
 16875 | D:11     | Reached XP level 13. HP: 133/135 MP: 16/22
 16966 | D:9      | Found a sacrificial altar of Ru.
 17288 | Lair:1   | Noticed Urug
 17298 | Lair:1   | Noticed Amaemon
 17319 | Lair:1   | Reached skill level 11 in Fighting
 17387 | Lair:1   | Killed Amaemon
 17939 | Lair:1   | Killed Urug
 18507 | Lair:2   | Found a hole to the Spider Nest.
 18729 | Lair:2   | Reached skill level 1 in Throwing
 19612 | Lair:3   | Found a basalt altar of Yredelemnul.
 19623 | Lair:2   | Reached ***** piety under Sif Muna
 19743 | Lair:2   | Slain by a hell rat

Illustrated notes

Levels and vault maps discovered:
D:1:      lemuel_arrival_muddy, layout_basic, minmay_small_reverse_x
D:2:      layout_basic
D:3:      layout_loops_corners, grunt_gozag_breadcrumbs,
          chequers_ecumenical_altar_twisty, uniq_crazy_yiuf_cottage
D:4:      layout_cave_pods
D:5:      layout_loops_ring, zin_purify, vehumet_crystals, minmay_misc_feat_x,
          kennysheep_generic_room_5
D:6:      layout_basic, mainiacjoe_overflow_alcove_1, minmay_temple_entry_oklob,
          cheibrodos_sewer_entry_sluice
D:7:      layout_rooms, lemuel_doored_altar
D:8:      layout_gridville, dancing_weapons_uskayaw
D:9:      layout_loops_ring, tso_altar, nicolae_overflow_hidden_temple,
          erik_orc_1, nicolae_wwwww, hex_large, wad_scary_box, uniq_harold
D:10:     minmay_skewed_foursquare, layout_layer_cave, kennysheep_mini,
          nemelex_spade_bored_becter, lemuel_crystal_altar, enter_bailey_3
D:11:     layout_stronghold, serial_shops, kennysheep_little_box,
          gammafunk_ghost_necromancy, uniq_psyche, uniq_snorg
D:12:     layout_cave_pods
Temple:   nicolae_temple_ecumenical_triangle
Lair:1:   layout_concentric_octagons, grunt_megastairs_1, uniq_urug,
          uniq_amaemon
Lair:2:   layout_big_grid, spider_nest_entry_a
Lair:3:   layout_big_grid, palyth_hydra_swamp_entry, basic_altar, serial_rivers,
          chequers_serial_rivers_micro_b, chequers_serial_rivers_small_a,
          chequers_serial_rivers_small_3, chequers_serial_rivers_room_b,
          chequers_serial_rivers_micro_d, chequers_serial_rivers_room_b,
          uniq_kirke

Skill      XL: |  1  2  3  4  5  6  7  8  9 10 11 12 13 |
---------------+----------------------------------------+-----
Fighting       | 1 2 3 4 5 7 9 10 11 | 11.6
Ice Magic      | 4 5 6 7 8 |  8.0
Spellcasting   | 3 4 5 6 |  6.0
Dodging        | 2 3 4 6 7 8 |  8.1
Maces & Flails | 1 2 3 4 5 6 7 |  7.8
Armour         | 1 2 3 |  3.0
Evocations     | 1 2 4 5 6 7 |  7.0
Summonings     | 1 2 |  2.0
Shields        | 8 9 |  9.2
Throwing       | 2 |  2.0
Stealth        | |  1.4

Action                     |  1- 3 |  4- 6 |  7- 9 | 10-12 | 13-15 || total
---------------------------+-------+-------+-------+-------+-------++-------
  Melee: Dagger            |    19 |       |       |       |       ||    19
         Unarmed           |     4 |       |       |       |       ||     4
         Whip              |    49 |    60 |   160 |       |       ||   269
         Punch             |       |     1 |     1 |     2 |       ||     4
         Flail             |       |       |   116 |   218 |   115 ||   449
   Fire: Shortbow          |       |       |    11 |       |       ||    11
  Throw: Dart              |       |       |       |     5 |       ||     5
         Large rock        |       |       |       |     3 |       ||     3
   Cast: Freeze            |    39 |    13 |    17 |       |     1 ||    70
         Frozen Ramparts   |     2 |    14 |    54 |    51 |    19 ||   140
         Ozocubu's Armour  |     2 |     9 |    34 |    38 |    14 ||    97
         Summon Ice Beast  |       |       |       |    11 |     3 ||    14
  Evoke: Wand              |       |     2 |     2 |     4 |     3 ||    11
    Use: Scroll            |       |     6 |     4 |     5 |     8 ||    23
         Potion            |       |       |       |     2 |     3 ||     5
   Stab: Sleeping          |       |       |     1 |       |     1 ||     2
 Armour: Robe              |    30 |    23 |   140 |    84 |    39 ||   316
  Dodge: Dodged            |    58 |    34 |   180 |   139 |    68 ||   479
  Block: Kite shield       |       |       |       |    53 |    82 ||   135
